PAA
MYRTLE BEACH MERMEN @ MARQUETTE MINERS
05/06/2020
 
TOP OF THE 1ST
Myrtle Beach Mermen batting - Pitching for Marquette Miners : RHP Raymond Earle
Pitching: RHP Raymond Earle
Batting: RHB Scott Peterson 0-0: Ball
1-0: Ball
2-0: Ball
3-0: Called Strike
3-1: Foul Ball, location: 2F
3-2: Foul Ball, location: 2F
3-2: Foul Ball, location: 2F
3-2: Foul Ball, location: 2F
3-2: Strikes out swinging
Batting: RHB José Caballero 0-0: Ground out 4-3 (Groundball, 4)
Batting: RHB Ryan Carr 0-0: Ball
1-0: Called Strike
1-1: Ball
2-1: Foul Ball, location: 2F
2-2: Fly out, F9 (Flyball, 9LD)
Top of the 1st over - 0 run(s), 0 hit(s), 0 error(s), 0 left on base; Myrtle Beach 0 - Marquette 0
BOTTOM OF THE 1ST
Marquette Miners batting - Pitching for Myrtle Beach Mermen : RHP Eric Newell
Pitching: RHP Eric Newell
Batting: RHB Jesús López 0-0: Called Strike
0-1: Ball
1-1: Fly out, F9 (Line Drive, 9M)
Batting: LHB Ramón García 0-0: Ball
1-0: Ball
2-0: Ground out 4-3 (Groundball, 4)
Batting: RHB Kade Knowles 0-0: Ball
1-0: Foul Ball, location: 2F
1-1: Ball
2-1: Ball
3-1: SINGLE (Line Drive, 8LS)
Batting: LHB Joe McElroy 0-0: Called Strike
0-1: Fly out, F2 (Popup, 2LF)
Bottom of the 1st over - 0 run(s), 1 hit(s), 0 error(s), 1 left on base; Myrtle Beach 0 - Marquette 0
TOP OF THE 2ND
Myrtle Beach Mermen batting - Pitching for Marquette Miners : RHP Raymond Earle
Batting: RHB Álex Rodríguez 0-0: Ball
1-0: Foul Ball, location: 2F
1-1: Ball
2-1: Ball
3-1: Fly out, F8 (Flyball, 8RD)
Batting: SHB Avery Little 0-0: Ball
1-0: Fly out, F5 (Popup, 5L)
Batting: RHB Otso Tuulari 0-0: Called Strike
0-1: SINGLE (Groundball, 6MD)
Batting: SHB Val Brown 0-0: Ball
1-0: Foul Ball, location: 2F
1-1: Ball
2-1: Swinging Strike
2-2: Ball
3-2: Strikes out looking
Top of the 2nd over - 0 run(s), 1 hit(s), 0 error(s), 1 left on base; Myrtle Beach 0 - Marquette 0
BOTTOM OF THE 2ND
Marquette Miners batting - Pitching for Myrtle Beach Mermen : RHP Eric Newell
Batting: LHB Ramón Hernández 0-0: Ball
1-0: Called Strike
1-1: Foul Ball, location: 2F
1-2: Ball
2-2: Ground out 1-3 (Groundball, 23)
Batting: RHB Isaac Downey 0-0: Foul Ball, location: 2F
0-1: Ball
1-1: Foul Ball, location: 2F
1-2: Ball
2-2: Foul Ball, location: 2F
2-2: Ball
3-2: Strikes out swinging
Batting: RHB Adrian Hale 0-0: Ground out 4-3 (Groundball, 4M)
Bottom of the 2nd over - 0 run(s), 0 hit(s), 0 error(s), 0 left on base; Myrtle Beach 0 - Marquette 0
TOP OF THE 3RD
Myrtle Beach Mermen batting - Pitching for Marquette Miners : RHP Raymond Earle
Batting: RHB António Ruíz 0-0: Ball
1-0: Called Strike
1-1: Ball
2-1: SINGLE (Groundball, 56D)
Batting: RHB Mike Fleming 0-0: Called Strike
0-1: Called Strike
0-2: Foul Ball, location: 2F
0-2: Ball
1-2: Ball
2-2: Strikes out swinging
Batting: RHB Scott Peterson 0-0: Ball
1-0: Ball
2-0: Fly out, F4 (Line Drive, 4)
Batting: RHB José Caballero 0-0: Swinging Strike
0-1: Swinging Strike
0-2: Ball
1-2: Ball
2-2: Strikes out looking
Top of the 3rd over - 0 run(s), 1 hit(s), 0 error(s), 1 left on base; Myrtle Beach 0 - Marquette 0
BOTTOM OF THE 3RD
Marquette Miners batting - Pitching for Myrtle Beach Mermen : RHP Eric Newell
Batting: RHB Dave Moulin 0-0: Foul Ball, location: 2F
0-1: Called Strike
0-2: Ball
1-2: Ball
2-2: Strikes out swinging
Batting: LHB Jorge Flores 0-0: Ball
1-0: Swinging Strike
1-1: Foul Ball, location: 2F
1-2: Strikes out swinging
Batting: RHB Jesús López 0-0: Called Strike
0-1: Ball
1-1: SINGLE (Line Drive, 8LS)
Batting: LHB Ramón García 0-0: Ball
Jesús López steals 2nd base
1-0: Called Strike
1-1: Ball
2-1: Ball
3-1: Ground out 6-3 (Groundball, 6M)
Bottom of the 3rd over - 0 run(s), 1 hit(s), 0 error(s), 1 left on base; Myrtle Beach 0 - Marquette 0
TOP OF THE 4TH
Myrtle Beach Mermen batting - Pitching for Marquette Miners : RHP Raymond Earle
Batting: RHB Ryan Carr 0-0: Called Strike
0-1: Fly out, F7 (Flyball, 78M)
Batting: RHB Álex Rodríguez 0-0: Ball
1-0: Ground out 6-3 (Groundball, 6M)
Batting: SHB Avery Little 0-0: Ball
1-0: Foul Ball, location: 2F
1-1: Foul Ball, location: 2F
1-2: Foul Ball, location: 2F
1-2: Fly out, F9 (Flyball, 9M)
Top of the 4th over - 0 run(s), 0 hit(s), 0 error(s), 0 left on base; Myrtle Beach 0 - Marquette 0
BOTTOM OF THE 4TH
Marquette Miners batting - Pitching for Myrtle Beach Mermen : RHP Eric Newell
Batting: RHB Kade Knowles 0-0: Fly out, F8 (Flyball, 8RS)
Batting: LHB Joe McElroy 0-0: Foul Ball, location: 2F
0-1: Foul Ball, location: 2F
0-2: Foul Ball, location: 2F
0-2: Ball
1-2: Strikes out swinging
Batting: LHB Ramón Hernández 0-0: Ball
1-0: Called Strike
1-1: Called Strike
1-2: Ball
2-2: Ground out 4-3 (Groundball, 34)
Bottom of the 4th over - 0 run(s), 0 hit(s), 0 error(s), 0 left on base; Myrtle Beach 0 - Marquette 0
TOP OF THE 5TH
Myrtle Beach Mermen batting - Pitching for Marquette Miners : RHP Raymond Earle
Batting: RHB Otso Tuulari 0-0: Ball
1-0: Ground out 5-3 (Groundball, 5S)
Batting: SHB Val Brown 0-0: Ball
1-0: Ball
2-0: SINGLE (Flyball, 8LS)
Batting: RHB António Ruíz 0-0: Foul Ball, location: 2F
0-1: Foul Ball, location: 2F
0-2: Foul Ball, location: 2F
0-2: Ball
1-2: SINGLE (Line Drive, 56D)
Val Brown to second
Batting: RHB Mike Fleming 0-0: Ball
1-0: Called Strike
1-1: Fly out, F8 (Flyball, 8RM)
Batting: RHB Scott Peterson 0-0: Ball
1-0: Ball
2-0: Foul Ball, location: 2F
2-1: Ground out 4-3 (Groundball, 13)
Top of the 5th over - 0 run(s), 2 hit(s), 0 error(s), 2 left on base; Myrtle Beach 0 - Marquette 0
BOTTOM OF THE 5TH
Marquette Miners batting - Pitching for Myrtle Beach Mermen : RHP Eric Newell
Batting: RHB Isaac Downey 0-0: Ball
1-0: Called Strike
1-1: Fly out, F9 (Flyball, 9M)
Batting: RHB Adrian Hale 0-0: Called Strike
0-1: Swinging Strike
0-2: Foul Ball, location: 2F
0-2: Ball
1-2: Foul Ball, location: 2F
1-2: Ground out 4-3 (Groundball, 4M)
Batting: RHB Dave Moulin 0-0: Fly out, F8 (Flyball, 8LD)
Bottom of the 5th over - 0 run(s), 0 hit(s), 0 error(s), 0 left on base; Myrtle Beach 0 - Marquette 0
TOP OF THE 6TH
Myrtle Beach Mermen batting - Pitching for Marquette Miners : RHP Raymond Earle
Batting: RHB José Caballero 0-0: Ball
1-0: Swinging Strike
1-1: Swinging Strike
1-2: Ground out 1-3 (Groundball, 34S)
Batting: RHB Ryan Carr 0-0: SINGLE (Line Drive, 6D)
Batting: RHB Álex Rodríguez 0-0: Ball
1-0: DOUBLE (Line Drive, 8RM)
Ryan Carr to third
Runner from 3rd tries for Home, SAFE, no throw or cutoff
Batting: SHB Avery Little 0-0: Ball
1-0: Ball
2-0: Ball
3-0: Base on Balls
Batting: RHB Otso Tuulari 0-0: Grounds into double play, 1-6-3 (Groundball, 15S)
Top of the 6th over - 1 run(s), 2 hit(s), 0 error(s), 1 left on base; Myrtle Beach 1 - Marquette 0
BOTTOM OF THE 6TH
Marquette Miners batting - Pitching for Myrtle Beach Mermen : RHP Eric Newell
Batting: LHB Jorge Flores 0-0: Foul Ball, location: 2F
0-1: Swinging Strike
0-2: SINGLE (Groundball, 4MD)
Batting: RHB Jesús López 0-0: Called Strike
0-1: Foul Ball, location: 2F
0-2: DOUBLE (Groundball, 5L)
Jorge Flores to third
Runner from 3rd tries for Home, SAFE, no throw or cutoff
Batting: LHB Ramón García 0-0: Ball
1-0: Ball
2-0: Ball
3-0: Called Strike
3-1: Base on Balls
Batting: RHB Kade Knowles 0-0: Ball
1-0: Ground out 4-3 (Groundball, 4M)
Jesús López to third
Ramón García to second
Batting: LHB Joe McElroy 0-0: Called Strike
0-1: Ball
1-1: Called Strike
1-2: Ball
2-2: Ball
3-2: Foul Ball, location: 2F
3-2: Foul Ball, location: 2F
3-2: Strikes out looking
Batting: LHB Ramón Hernández 0-0: Fly out, F5 (Line Drive, 5)
Bottom of the 6th over - 1 run(s), 2 hit(s), 0 error(s), 2 left on base; Myrtle Beach 1 - Marquette 1
TOP OF THE 7TH
Myrtle Beach Mermen batting - Pitching for Marquette Miners : RHP Raymond Earle
Batting: SHB Val Brown 0-0: Ball
1-0: Ball
2-0: Ball
3-0: Called Strike
3-1: Base on Balls
Batting: RHB António Ruíz 0-0: Bunted foul
0-1: Sac Bunt - play at first, batter OUT! 2-4
Val Brown to second
Batting: RHB Mike Fleming 0-0: Ball
1-0: Called Strike
1-1: Called Strike
1-2: Ball
2-2: Ball
3-2: Foul Ball, location: 2F
3-2: Base on Balls
Pitching: LHP Wilson Castillo
Batting: RHB Scott Peterson 0-0: Called Strike
0-1: Foul Ball, location: 2F
0-2: Strikes out swinging
Pinch Hitting: RHB Oliver Aranda 0-0: Called Strike
0-1: Called Strike
0-2: Foul Ball, location: 2F
0-2: Foul Ball, location: 2F
0-2: Ball
1-2: Ball
2-2: Strikes out swinging
Top of the 7th over - 0 run(s), 0 hit(s), 0 error(s), 2 left on base; Myrtle Beach 1 - Marquette 1
BOTTOM OF THE 7TH
Marquette Miners batting - Pitching for Myrtle Beach Mermen : RHP Eric Newell
Now in LF: Oliver Aranda
Batting: RHB Isaac Downey 0-0: Foul Ball, location: 2F
0-1: Ball
1-1: Swinging Strike
1-2: Strikes out swinging
Batting: RHB Adrian Hale 0-0: Ball
1-0: Ground out 6-3 (Groundball, 6)
Batting: RHB Dave Moulin 0-0: Ball
1-0: Fly out, F9 (Flyball, 9LM)
Bottom of the 7th over - 0 run(s), 0 hit(s), 0 error(s), 0 left on base; Myrtle Beach 1 - Marquette 1
TOP OF THE 8TH
Myrtle Beach Mermen batting - Pitching for Marquette Miners : LHP Wilson Castillo
Pinch Hitting: SHB Carlos Carranza 0-0: Ball
1-0: TRIPLE (Flyball, 9LD)
Batting: RHB Álex Rodríguez 0-0: Foul Ball, location: 2F
0-1: Called Strike
0-2: Strikes out swinging
Batting: SHB Avery Little 0-0: Intentional Walk
Batting: RHB Otso Tuulari 0-0: Foul Ball, location: 2F
0-1: Ball
1-1: Foul Ball, location: 2F
1-2: Ball
2-2: Ball
3-2: Fly out, F7 (Flyball, 78M)
Runner from 3rd tags up, SCORES, no throw
Batting: SHB Val Brown 0-0: DOUBLE (Line Drive, 5D)
Avery Little to third
Pinch Hitting: RHB Glenn Salazar 0-0: Called Strike
0-1: Fly out, F7 (Flyball, 78S)
Top of the 8th over - 1 run(s), 2 hit(s), 0 error(s), 2 left on base; Myrtle Beach 2 - Marquette 1
BOTTOM OF THE 8TH
Marquette Miners batting - Pitching for Myrtle Beach Mermen : RHP Eric Newell
Now in LF: Carlos Carranza
Now in RF: Ángelo Saldaña
Batting: LHB Jorge Flores 0-0: Fly out, F7 (Flyball, 78XD)
Pitching: RHP Manuel Carrión
Batting: RHB Jesús López 0-0: Reached on error, E5 (Groundball, 5S)
Pitching: LHP Jonathon Baker
Batting: LHB Ramón García 0-0: Foul Ball, location: 2F
0-1: Foul Ball, location: 2F
0-2: Ball
1-2: Ball
2-2: Ball
3-2: SINGLE (Groundball, 3S) (infield hit)
Jesús López to second
Pitching: RHP Mauro Guzmán
Pinch Hitting: LHB Carl Pierce 0-0: Ball
1-0: Called Strike
1-1: Foul Ball, location: 2F
1-2: Ball
2-2: Ball
3-2: Foul Ball, location: 2F
3-2: Fielders Choice at 2nd, 6-4 (Groundball, 6M)
Jesús López to third
Batting: LHB Joe McElroy 0-0: Foul Ball, location: 2F
0-1: Ball
1-1: Ball
2-1: Ball
3-1: Base on Balls
Carl Pierce to second
Batting: LHB Ramón Hernández 0-0: Called Strike
0-1: Foul Ball, location: 2F
0-2: Strikes out swinging
Bottom of the 8th over - 0 run(s), 1 hit(s), 1 error(s), 3 left on base; Myrtle Beach 2 - Marquette 1
TOP OF THE 9TH
Myrtle Beach Mermen batting - Pitching for Marquette Miners : LHP Wilson Castillo
Now at 3B: Fernand Cicarelli
Batting: RHB Mike Fleming 0-0: Called Strike
0-1: Fly out, F6 (Popup, 56D)
Batting: RHB Scott Peterson 0-0: Ball
1-0: Ball
2-0: Called Strike
2-1: Swinging Strike
2-2: Fly out, F9 (Flyball, 89M)
Batting: RHB Oliver Aranda 0-0: Ball
1-0: Ball
2-0: Foul Ball, location: 2F
2-1: Ball
3-1: Base on Balls
Batting: SHB Carlos Carranza 0-0: Ball
1-0: Ball
2-0: TRIPLE (Flyball, 89M)
Oliver Aranda scores
Batting: RHB Álex Rodríguez 0-0: Called Strike
0-1: Ball
1-1: Ball
2-1: Ground out 5-3 (Groundball, 5)
Top of the 9th over - 1 run(s), 1 hit(s), 0 error(s), 1 left on base; Myrtle Beach 3 - Marquette 1
BOTTOM OF THE 9TH
Marquette Miners batting - Pitching for Myrtle Beach Mermen : RHP Mauro Guzmán
Pitching: RHP Kenny Ryan
Batting: RHB Isaac Downey 0-0: Ball
1-0: Ball
2-0: Called Strike
2-1: Ball
3-1: Foul Ball, location: 2F
3-2: Foul Ball, location: 2F
3-2: Base on Balls
Batting: RHB Adrian Hale 0-0: Ball
1-0: Ball
2-0: Ball
3-0: Base on Balls
Isaac Downey to second
Batting: RHB Dave Moulin 0-0: Ball
1-0: Called Strike
1-1: Foul Ball, location: 2F
1-2: Strikes out looking
Batting: LHB Jorge Flores 0-0: Fly out, F6 (Popup, 7LSF)
Batting: RHB Jesús López 0-0: Called Strike
0-1: Called Strike
0-2: Ball
1-2: Ball
2-2: Fielders Choice at 2nd, 5-4 (Groundball, 5)
Bottom of the 9th over - 0 run(s), 0 hit(s), 0 error(s), 1 left on base; Myrtle Beach 3 - Marquette 1
This league is powered by Out of the Park Baseball, the baseball management simulation game for PC, Mac and Linux
Friday, October 23rd, 2015 - OOTP Baseball 16.9 Build 39